 Dungeon Crawl Stone Soup version 0.28-a0-563-gf77a47075d (webtiles) character file.

Game seed: 12836734011890225571

668 friend the Cutter (level 7, 0/44 HPs)
             Began as a Vampire Brigand on Sept 30, 2021.
             Was a Follower of Nemelex Xobeh.
             Slain by Pikel (1 damage)
             ... on level 4 of the Dungeon.
             The game lasted 00:13:08 (4467 turns).

friend the Cutter (Vampire Brigand)                 Turns: 4467, Time: 00:13:09

Health: 0/44       AC:  5    Str: 12    XL:     7   Next: 32%
Magic:  7/7        EV: 13    Int: 14    God:    Nemelex Xobeh [*.....]
Gold:   99         SH:  0    Dex: 15    Spells: 6/6 levels left

rFire   . . .      SeeInvis +   o - +1 dagger (venom)
rCold   + + .      Faith    .   (no shield)
rNeg    + + +      Spirit   .   z - +0 leather armour
rPois   ∞          Reflect  .   (no helmet)
rElec   .          Harm     .   c - +0 cloak
rCorr   .          Rampage  .   y - +0 pair of gloves
Will    .....                   (no boots)
Stlth   +++++.....              (no amulet)
HPRegen 0.00/turn               (no ring)
MPRegen 0.10/turn               (no ring)

@: bloodless, inhibited regen
A: bloodless, fangs 3, see invisible, vampiric 2
a: Bat Form, Revivify, Renounce Religion, Draw Escape, Draw Destruction, Draw
Summoning


You were on level 4 of the Dungeon.
You worshipped Nemelex Xobeh.
Nemelex Xobeh was aware of your devotion.
You visited 1 branch of the dungeon, and saw 4 of its levels.
You also visited: Ossuary.

You collected 176 gold pieces.
You spent 77 gold pieces at shops.

Inventory:

Hand Weapons
 a - a +3 dagger
 o - a +1 dagger of venom (weapon)
Missiles
 d - 7 poisoned darts (quivered)
Armour
 b - a +0 robe
 c - a +0 cloak (worn)
 y - a +0 pair of gloves (worn)
 z - a +0 leather armour (worn)
Wands
 x - a wand of polymorph (7)
Scrolls
 g - a scroll of fear
 j - a scroll of enchant weapon
 l - 2 scrolls of noise {unknown}
 m - a scroll of teleportation {unknown}
 p - a scroll of holy word {unknown}
 r - a scroll of immolation {unknown}
 s - a scroll of fog {unknown}
 u - a scroll of silence
Potions
 f - 3 potions of attraction
 h - a potion of haste
 i - a potion of brilliance {unknown}
 k - 2 potions of mutation
 n - 2 potions of resistance
 q - 4 potions of curing
 t - a potion of flight
 w - a potion of might {unknown}


   Skills:
 + Level 4.3 Fighting
 + Level 6.2 Short Blades
 - Level 2.0 Throwing
 - Level 4.0 Dodging
 - Level 6.0 Stealth


You had 6 spell levels left.
You didn't know any spells.
Your spell library contained the following spells:

 Spells                   Type           Power      Damage    Failure   Level
 Shock                    Conj/Air       0%         1d3       36%         1
 Summon Small Mammal      Summ           0%         N/A       36%         1
 Static Discharge         Conj/Air       0%         N/A       50%         2
 Call Canine Familiar     Summ           0%         N/A       73%         3
 Dazzling Flash           Conj/Hex       0%         N/A       73%         3
 Portal Projectile        Hex/Tloc       0%         N/A       73%         3
 Summon Guardian Golem    Hex/Summ       0%         N/A       73%         3
 Swiftness                Air            0%         N/A       73%         3
 Airstrike                Air            0%         N/A       98%         4
 Dispel Undead            Necr           0%         3d6       98%         4
 Leda's Liquefaction      Hex/Erth       0%         N/A       98%         4
 Sticky Flame             Conj/Fire      0%         2d3       98%         4
 Agony                    Necr           0%         N/A       100%        5
 Silence                  Hex/Air        0%         N/A       100%        5


Dungeon Overview and Level Annotations

Branches:
Dungeon (4/15)            Ossuary (visited)
 Temple: D:4-7

Altars:
Dithmenos
Nemelex Xobeh
Sif Muna

Shops:
D:2 [   D:3 =:?=   D:4 *

Annotations:
D:2 Sigmund
D:4 Blork the orc, Pikel


Innate Abilities, Weirdness & Mutations

You do not regenerate when monsters are visible.
You are frail without blood (-20% HP).
You can heal yourself when you bite living creatures.
You are immune to poison.
You have razor-sharp teeth.
You have supernaturally acute eyesight. (SInv)
You are afflicted with vampirism and can become a bat while bloodless.


Message History

Aim: Pikel, wielding a +0 whip of flaming and wearing a +0 robe (55% to hit)
You throw a curare-tipped dart.
The curare-tipped dart closely misses Pikel.
The curare-tipped dart barely misses the lemure.
The curare-tipped dart hits the lemure.
The lemure is poisoned.
The lemure convulses.
The lemure seems to slow down.
Throw: dart (curare)
Aim: Pikel, wielding a +0 whip of flaming and wearing a +0 robe (55% to hit)
You throw a curare-tipped dart. The curare-tipped dart hits Pikel.
Pikel is poisoned.
Pikel convulses.
Pikel seems to slow down.
The lemure is no longer blind.
Pikel hits you with a +0 whip of flaming.
Pikel burns you.
You take 5 damage, and have 22/44 hp.
You barely miss Pikel. You closely miss Pikel.
Pikel hits you with a +0 whip of flaming!
* * * LOW HITPOINT WARNING * * *
Pikel burns you.
* * * LOW HITPOINT WARNING * * *
You take 13 damage, and have 9/44 hp.
MASSIVE DAMAGE!!
You hit Pikel but do no damage.
Pikel looks even sicker.
You barely miss Pikel. Pikel hits you but does no damage.
You hit Pikel but do no damage.
Pikel looks as sick as possible!
You hit Pikel but do no damage. You hit Pikel but do no damage.
Pikel looks as sick as possible!
Pikel hits you with a +0 whip of flaming.
* * * LOW HITPOINT WARNING * * *
Pikel burns you.
* * * LOW HITPOINT WARNING * * *
You take 5 damage, and have 4/44 hp.
You barely miss Pikel. You hit Pikel.
Pikel hits you with a +0 whip of flaming.
* * * LOW HITPOINT WARNING * * *
Pikel burns you.
You die...
Your body disappears without a glow.

.............#............# #...
#....................### ..#
###........###...........#
..###..........####....<...##
.###.........##.(.........##
.....!.......5..5....#.....#
.............###5###.......####
.............#.#K#.#.......##.###
........#...5#.#@#.#............#
.........##5.#.....#....#.......#
........##...#.....#....##.......
.........#..5#######........##...
...........#.................#...
#.##...........#####...####......
####...........# #...# ###....
##....#....## ##.## #.... #
##...#....# #...# #....


You could see Pikel (extremely poisoned, slow) and 2 lemures.

Vanquished Creatures
  A black bear (D:4)
  An ogre (D:4)
  A lemure (D:4)
  2 elf zombies (Ossuary)
  A water moccasin skeleton (D:4)
  A centaur zombie (Ossuary)
  A human zombie (Ossuary)
  Jessica (D:2)
  Ijyb (D:4)
  2 mummies (Ossuary)
  4 adders
  An ufetubus (D:4)
  An adder zombie (Ossuary)
  An adder skeleton (D:4)
  2 worms
  4 dart slugs
  6 orcs
  7 endoplasms
  3 giant cockroaches (D:1)
  6 goblins
  4 hobgoblins
  3 jackals (D:1)
  2 quokkas
  6 ball pythons
  10 bats
  6 frilled lizards
  5 goblin zombies
  11 hobgoblin zombies (Ossuary)
  2 jackal zombies (Ossuary)
  5 kobolds
  6 kobold zombies (Ossuary)
  9 orc zombies (Ossuary)
  3 rats
  A rat zombie (Ossuary)
120 creatures vanquished.

Vanquished Creatures (others)
  3 demonic plants (D:3)
  3 fungi (D:3)
  5 plants (D:3)
11 creatures vanquished.

Grand Total: 131 creatures vanquished

Notes
Turn   | Place    | Note
-------+----------+-------------------------------------------
     0 | D:1      | friend the Vampire Brigand began the quest for the Orb.
     0 | D:1      | Reached XP level 1. HP: 16/16 MP: 1/1
   137 | D:1      | Reached XP level 2. HP: 10/22 MP: 2/2
   681 | D:1      | Gained mutation: You are afflicted with vampirism and can
                  | become a bat while bloodless. [Vampire growth]
   681 | D:1      | Reached XP level 3. HP: 27/27 MP: 3/3
   825 | D:2      | Noticed Sigmund
   852 | D:2      | Found Acuadili's Antique Armour Shop.
  1003 | D:2      | Noticed Jessica
  1011 | D:2      | Killed Jessica
  1012 | D:2      | Reached XP level 4. HP: 33/33 MP: 4/4
  1467 | D:2      | Found a shimmering blue altar of Sif Muna.
  1774 | D:3      | Found a shadowy altar of Dithmenos.
  1842 | D:3      | Found Jaet's Book Shop.
  1907 | D:3      | Reached skill level 5 in Short Blades
  1933 | D:3      | Found Ukemem's Magic Scroll Boutique.
  1944 | D:3      | Bought a scroll of fear for 49 gold pieces
  1944 | D:3      | Bought a scroll of identify for 28 gold pieces
  2040 | D:3      | Found a sparkling altar of Nemelex Xobeh.
  2045 | D:3      | Became a worshipper of Nemelex Xobeh the Trickster
  2268 | D:3      | Found Jibrific's Jewellery Shop.
  2312 | D:3      | Found a faded altar of an unknown god.
  2360 | D:3      | Reached XP level 5. HP: 30/30 MP: 5/5
  2485 | D:3      | Found Kadirat's Jewellery Emporium.
  2497 | D:4      | Noticed a lemure
  2498 | D:4      | Noticed Pikel
  2498 | D:4      | Noticed a lemure
  2498 | D:4      | Noticed a lemure
  2719 | D:4      | Noticed Blork the orc
  2757 | D:4      | Found Zidefoc's Assorted Antiques.
  2762 | D:4      | Noticed Ijyb
  2769 | D:4      | Killed Ijyb
  2810 | D:4      | Noticed an ogre
  2849 | D:4      | Killed an ogre
  2850 | D:4      | Reached XP level 6. HP: 37/37 MP: 6/6
  2893 | D:4      | Found a sand-covered staircase.
  2914 | Ossuary  | Entered an ossuary
  3744 | Ossuary  | Reached * piety under Nemelex Xobeh
  3756 | Ossuary  | Reached XP level 7. HP: 31/42 MP: 7/7
  4467 | D:4      | HP: 1/44 [Pikel (3)]
  4467 | D:4      | Slain by Pikel

Illustrated notes

Levels and vault maps discovered:
D:1:      lightli_arrival_boilingwater, layout_loops_cross, minmay_heptomino_d4
D:2:      layout_loops_corners, basic_altar, serial_shops,
          nicolae_lakefront_shop, uniq_sigmund, uniq_jessica
D:3:      layout_rooms, nemelex_spade_bored_becter, grunt_dithmenos_smoke,
          serial_shops, nicolae_shop_crystal, nicolae_diamond_shop,
          nicolae_shop_behind_doors, shop, shapermc_ecumenical_altar_gd,
          bh_walls_and_bars
D:4:      layout_cave_pools, serial_shops, shop, enter_ossuary_4, uniq_ijyb,
          uniq_pikel, uniq_blork_the_orc

Skill      XL: |  1  2  3  4  5  6  7 |
---------------+----------------------+-----
Stealth        | 6 |  6.0
Fighting       | 2 3 4 |  4.3
Throwing       | 2 |  2.0
Short Blades   | 3 4 5 6 |  6.2
Dodging        | 3 4 |  4.0

Action                   |  1- 3 |  4- 6 |  7- 9 || total
-------------------------+-------+-------+-------++-------
Melee: Dagger            |    86 |   236 |    70 ||   392
       Bite              |     6 |    28 |     5 ||    39
Throw: Dart              |     3 |     7 |    12 ||    22
 Abil: Exsanguinate      |       |     1 |       ||     1
  Use: Scroll            |     1 |     4 |     4 ||     9
 Stab: Sleeping          |     9 |    19 |    11 ||    39
       Distracted        |       |     1 |       ||     1
Armor: Leather armour    |    17 |    44 |    11 ||    72
       Robe              |     4 |       |       ||     4
Dodge: Dodged            |    38 |    94 |    25 ||   157

Table legend: (Time is in decaauts)
 A = Elapsed time spent in this place.
 B = Non-inter-level travel time spent in this place.
 C = Inter-level travel time spent in this place.
 D = Time resting spent in this place.
 E = Time spent auto-exploring this place.
 F = Levels seen in this place.
 G = Mean time per level.
                   A        B        C        D        E       F      G
               +--------+--------+--------+--------+--------+-----+--------+
         Total |   4376 |   4313 |     63 |    895 |   2053 |   5 |  875.2 |
       Dungeon |   3410 |   3347 |     63 |    309 |   2032 |   4 |  852.5 |
       Ossuary |    966 |    966 |      0 |    586 |     21 |   1 |  966.0 |
               +--------+--------+--------+--------+--------+-----+--------+

Top non-repeatable levels by time:
     D:2: 1009 daAuts
 Ossuary: 966 daAuts
     D:4: 926 daAuts
     D:1: 738 daAuts
     D:3: 735 daAuts
